 Dungeon Crawl Stone Soup version 0.30-a0-883-g5ad918d77d (webtiles) character file.

Game seed: 9850572755154948328

198 BigDaddyOpFi the Covered (level 5, 0/49 HPs)
             Began as an Armataur Fighter on Mar 16, 2023.
             Was an Initiate of Wu Jian.
             Succumbed to a goblin's poison
             ... on level 3 of the Dungeon.
             The game lasted 00:02:20 (2498 turns).

BigDaddyOpFi the Covered (Armataur Fighter)         Turns: 2498, Time: 00:02:21

Health: 0/49       AC:  7    Str: 23    XL:     5   Next: 47%
Magic:  5/5        EV:  6    Int:  9    God:    Wu Jian [......]
Gold:   95         SH:  9    Dex:  9    Spells: 4/4 levels left

rFire   . . .      SeeInvis .    a - +0 long sword
rCold   . . .      Faith    .    g - +1 kite shield
rNeg    . . .      Spirit   .    b - +0 scale mail
rPois   .          Reflect  .    (no helmet)
rElec   .          Roll     +    (no cloak)
rCorr   .                        (no gloves)
Will    .....                    (no barding) Stlth
                                 (no amulet)
HPRegen 0.28/turn                (no ring)
MPRegen 0.09/turn                (no ring)

@: brilliant, lethally poisoned (0 -> -4), flying, invisible
A: large, rugged brown scales 3, deformed body, armoured tail, roll, long
tongue, awkward tongue
a: Renounce Religion


You were on level 3 of the Dungeon.
You worshipped Wu Jian.
Wu Jian was noncommittal.
You visited 1 branch of the dungeon, and saw 3 of its levels.

You collected 95 gold pieces.

Inventory:

Hand Weapons
 a - a +0 long sword (weapon)
Armour
 b - a +0 scale mail (worn)
 g - a +1 kite shield (worn)
Jewellery
 i - an amulet of magic regeneration
 k - a ring of willpower
Wands
 c - a wand of flame (16)
Scrolls
 f - 2 scrolls of identify
Potions
 l - a potion of magic {unknown}


   Skills:
 + Level 3.6 Fighting
 + Level 3.0 Long Blades
 + Level 4.8 Armour
 + Level 4.4 Shields


You had 4 spell levels left.
You didn't know any spells.
Your spell library was empty.

Dungeon Overview and Level Annotations

Branches:
Dungeon (3/15)

Altars:
Trog
Wu Jian

Annotations:
D:3 Robin


Innate Abilities, Weirdness & Mutations

You are completely covered in rugged brown scales. (AC +3, +7% HP)
Armour fits poorly on your strangely shaped body.
You have a long armoured tail.
You roll when moving toward enemies. (Rampage)
Your long tongue fully drains potion bottles. (2x potion effects)
Your tongue gives you trouble enunciating. (1.5x scroll delay)


Message History

You block the endoplasm's attack. The goblin hits you but does no damage.
The hobgoblin barely misses you.
The hobgoblin hits you but does no damage.
The goblin hits you but does no damage.
You are poisoned.
The goblin hits you but does no damage. x2
You slurp down every last drop of the viscous coppery potion!
It was a potion of brilliance.
You feel clever all of a sudden.
You feel sick.
Robin hits you from afar with a +0 spear.
The goblin hits you but does no damage. The endoplasm freezes you.
You are frozen.
The goblin hits you but does no damage. You block the hobgoblin's attack.
The hobgoblin hits you but does no damage.
You block the goblin's attack. The goblin hits you but does no damage.
The goblin closely misses you.
You slurp down every last drop of the amethyst potion!
It was a potion of invisibility.
You fade into invisibility!
You feel sick.
Robin hits you from afar with a +0 spear.
* * * LOW HITPOINT WARNING * * *
You block the goblin's attack.
The endoplasm hits you but does no damage.
The goblin hits you with a +0 dagger.
* * * LOW HITPOINT WARNING * * *
The hobgoblin hits you but does no damage.
The hobgoblin hits you.
* * * LOW HITPOINT WARNING * * *
The goblin closely misses you. The goblin hits you with a +0 club.
* * * LOW HITPOINT WARNING * * *
The goblin hits you with a +0 dagger.
* * * LOW HITPOINT WARNING * * *
You slurp down every last drop of the metallic golden potion!
It was a potion of flight.
You feel very buoyant.
You fly up into the air.
You die...

.......†....#
#....
.....#....###
#....
........#+##
#....
.##..#.....#
#....
.....#.....#
.... ####
#.....#
#.....#
#.ggg.#
#.g@Jg#
##ggg...#
#..g...#
#.r....#
.......#
##......#
....#...
##+###....


You could see Robin (unable to see you), an endoplasm, 2 hobgoblins, 6 goblins
and a rat (unable to see you).

Vanquished Creatures
  Ijyb (D:3)
  Terence (D:3)
  A scorpion zombie (D:3)
  6 adders
  A worm (D:2)
  4 endoplasms
  3 giant cockroaches
  11 goblins
  4 hobgoblins
  10 jackals
  6 kobolds
  A quokka (D:3)
  A ball python (D:2)
  7 bats
  6 rats
63 creatures vanquished.

Notes
Turn   | Place    | Note
-------+----------+-------------------------------------------
     0 | D:1      | BigDaddyOpFi the Armataur Fighter began the quest for the
                  | Orb.
     0 | D:1      | Reached XP level 1. HP: 19/19 MP: 1/1
   243 | D:1      | Reached XP level 2. HP: 26/26 MP: 2/2
  1025 | D:2      | Reached XP level 3. HP: 27/30 MP: 3/3
  1209 | D:2      | Reached XP level 4. HP: 17/40 MP: 4/4
  1474 | D:2      | Found a bloodstained altar of Trog.
  1772 | D:3      | Found a faded altar of an unknown god.
  1813 | D:3      | Noticed Ijyb
  1824 | D:3      | Killed Ijyb
  1825 | D:3      | Reached XP level 5. HP: 9/48 MP: 5/5
  1827 | D:3      | Noticed Terence
  1831 | D:3      | Killed Terence
  2209 | D:3      | Found an ornate altar of the Wu Jian Council.
  2235 | D:3      | Became a worshipper of the Wu Jian Council
  2483 | D:3      | Noticed Robin
  2497 | D:3      | HP: 2/49 [goblin/+0 club[Robin] (5)]
  2498 | D:3      | Succumbed to a goblin's poison

Illustrated notes

Levels and vault maps discovered:
D:1:      dpeg_arrival_simpleton_c, layout_basic, serial_park_tiny_1
D:2:      layout_basic, basic_altar, corner_web_ring, minmay_misc_feat_alley,
          st_stairs_6, skrybe_limestone_x, kennysheep_generic_room_3
D:3:      layout_basic, nicolae_yredelemnul_corpse_copse,
          nicolae_wu_jian_wuxing_cycle, dreamdust_ecumenical_altar_statues,
          kennysheep_nub, uniq_robin, uniq_sigmund, uniq_ijyb, uniq_terence

Skill      XL: |  1  2  3  4  5 |
---------------+----------------+-----
Long Blades    | 2 3 |  3.0
Fighting       | 3 |  3.6
Armour         | 4 |  4.8
Shields        | 4 |  4.4

Action                     |  1- 3 |  4- 6 || total
---------------------------+-------+-------++-------
  Melee: Long sword        |   147 |   102 ||   249
         Tailslap          |    15 |    10 ||    25
    Use: Scroll            |     2 |     1 ||     3
         Potion            |       |     7 ||     7
 Armour: Scale mail        |   120 |   110 ||   230
  Dodge: Dodged            |    68 |    49 ||   117
  Block: Buckler           |    29 |       ||    29
         Kite shield       |    38 |    63 ||   101

Table legend: (Time is in decaauts)
 A = Elapsed time spent in this place.
 B = Non-inter-level travel time spent in this place.
 C = Inter-level travel time spent in this place.
 D = Time resting spent in this place.
 E = Time spent auto-exploring this place.
 F = Levels seen in this place.
 G = Mean time per level.
                   A        B        C        D        E       F      G
               +--------+--------+--------+--------+--------+-----+--------+
         Total |   2575 |   2519 |     56 |    357 |   1650 |   3 |  858.3 |
       Dungeon |   2575 |   2519 |     56 |    357 |   1650 |   3 |  858.3 |
               +--------+--------+--------+--------+--------+-----+--------+

Top non-repeatable levels by time:
     D:1: 1044 daAuts
     D:2: 801 daAuts
     D:3: 730 daAuts
